 Dungeon Crawl Stone Soup version 0.27.1-4-g1640c2035a (webtiles) character file.

Game seed: 15505297902576233522

1327 karkarkar the Magician (level 8, -11/51 HPs)
             Began as a Djinni Ice Elementalist on Nov 6, 2021.
             Was an Elder of Wu Jian.
             Mangled by a two-headed ogre (31 damage)
             ... on level 5 of the Dungeon on Nov 7, 2021.
             The game lasted 00:46:32 (7182 turns).

karkarkar the Magician (Djinni Ice Elementalist)    Turns: 7182, Time: 00:46:32

Health: -11/51     AC: 10    Str:  7    XL:     8   Next: 91%
Gold:   307        EV: 11    Int: 20    God:    Wu Jian [****..] SH:  3 Dex: 13

rFire    + + .     SeeInvis .   o - +2 trident (vorpal)
rCold    x . .     Faith    .   n - +0 buckler
rNeg     . . .     Spirit   .   q - +2 leather armour {Will+}
rPois    ∞         Reflect  .   d - +0 helmet
rElec    .         Harm     .   t - +2 cloak {rCorr}
rCorr    +         Rampage  .   k - +0 pair of gloves
Will     ++...                  (boots unavailable)
Stlth    ++........             (no amulet)
HPRegen  0.17/turn              m - ring of willpower
MPRegen  0.00/turn              (no ring)

@: about to teleport, flying
A: sickness immunity, fire resistance 2, cold vulnerability 1, float, innate
caster, hp casting, extra vitality 1
a: Renounce Religion, Wall Jump, Serpent's Lash


You were on level 5 of the Dungeon.
You worshipped Wu Jian.
Wu Jian was greatly pleased with you.
You visited 1 branch of the dungeon, and saw 5 of its levels.

You collected 307 gold pieces.

Inventory:

Hand Weapons
 o - a +2 vorpal trident (weapon)
Missiles
 l - a throwing net
 u - a curare-tipped dart
 v - 8 poisoned darts
Armour
 d - a +0 helmet (worn)
 k - a +0 pair of gloves (worn)
 n - a +0 buckler (worn)
 q - a +2 leather armour of willpower (worn)
 t - a +2 cloak of preservation (worn)
Jewellery
 m - a ring of willpower (left hand)
Wands
 a - a wand of paralysis (8)
 c - a wand of polymorph (3)
 w - a wand of flame (7)
Scrolls
 b - 2 scrolls of enchant weapon
 g - a scroll of magic mapping
 h - a scroll of amnesia {unknown}
 i - a scroll of holy word {unknown}
 j - a scroll of brand weapon {unknown}
 p - 4 scrolls of teleportation
 r - a scroll of blinking {unknown}
Potions
 e - 3 potions of heal wounds {unknown}
 f - 2 potions of might {unknown}
 s - a potion of resistance {unknown}
 x - a potion of curing
 z - a potion of brilliance {unknown}


   Skills:
 + Level 0.6 Fighting
 - Level 1.7 Polearms
 + Level 3.3 Throwing
 + Level 1.7 Armour
 + Level 3.1 Dodging
 + Level 2.2 Stealth
 + Level 0.1 Shields
 + Level 6.9 Spellcasting
 + Level 1.4 Evocations


You had 3 spell levels left.
You knew the following spells:

 Your Spells              Type           Power      Damage    Failure   Level
a - Freeze                Ice            100%       1d11      1%          1
b - Frozen Ramparts       Ice            68%        1d8       4%          3
c - Ozocubu's Armour      Ice            34%        N/A       4%          3
d - Hailstorm             Conj/Ice       34%        3d9       14%         4
e - Sting                 Tmut/Pois      100%       1d8       1%          1
f - Slow                  Hex            34%        N/A       1%          2
g - Call Canine Familiar  Summ           34%        N/A       4%          3
Your spell library was empty.

Dungeon Overview and Level Annotations

Branches:
Dungeon (5/15)             Temple (0/1) D:4

Altars:
Dithmenos
Elyvilon
Kikubaaqudgha
Sif Muna
Wu Jian
Yredelemnul
The Shining One


Innate Abilities, Weirdness & Mutations

You are immune to sickness and miasma.
You are immune to poison.
Your flesh is very heat resistant. (rF++)
You are vulnerable to cold. (rC-)
You float through the air rather than walking.
You learn spells naturally, not from books.
Your magical power is your life essence.
You have superior vitality. (+4 HP)


Message History

The Council accepts your kill.
You see here a hound corpse.
v - 8 poisoned darts (gained 1)
Things that are here:
a +0 shortbow; 21 arrows; a centaur corpse
u - a curare-tipped dart
Found a potion of curing.
x - a potion of curing
Found an ancient bone altar of Kikubaaqudgha.
Found a fizzy golden potion.
z - a fizzy golden potion
Found a club.
Found a helmet.
Found a stone staircase leading down.
Found a leather armour.
There is an open door here.
There is an open door here.
You see here a +0 club.
You reach down and open the door.
Found a stone staircase leading down.
There is an open door here.
There is an open door here.
Found a stone staircase leading down.
Found a stone staircase leading up.
Found 26 stones.
Found 21 gold pieces.
Found 9 gold pieces.
You now have 290 gold pieces (gained 13).
You now have 299 gold pieces (gained 9).
Found a dagger.
You now have 307 gold pieces (gained 8).
A two-headed ogre comes into view.
It is wielding two +0 giant spiked clubs.
The two-headed ogre moves out of view.
The two-headed ogre hits you with a +0 giant spiked club!
The two-headed ogre hits you with a +0 giant spiked club!!
As you read the scroll of teleportation, it crumbles to dust.
You feel strangely unstable.
The two-headed ogre hits you with a +0 giant spiked club!!
Ouch! That really hurt!
You die...

.≈# #≈............# ## .≈#
#≈.....#..>#### ≈≈#
#≈≈#.############### ≈###
###≈≈...............# ##≈#
#≈##≈...............# #≈≈#
#≈≈#≈.............).# ≈≈≈#
#≈≈≈≈...............# ..≈#
#≈..................# ..≈##
##≈......O@..........#
##≈≈#.#≈≈..................#
#≈≈##'##≈≈.................#
.≈##≈≈≈##≈.................#
.≈#≈≈.≈≈#≈................##
.≈≈≈...≈≈≈................#
.......########...........#
######## #...........#
#...........#


You could see a two-headed ogre.

Vanquished Creatures
  A sky beast (D:5)
  A necrophage (D:4)
  A centaur (D:5)
  A kobold brigand (D:5)
  3 scorpions (D:5)
  4 hounds
  Crazy Yiuf (D:4)
  A gnoll shaman (D:5)
  Ijyb (D:3)
  2 iguanas (D:4)
  4 orc wizards
  Natasha (thrice) (D:4)
  10 gnolls
  7 adders
  4 dart slugs
  17 orcs
  10 ball pythons
  3 endoplasms
  4 giant cockroaches
  5 goblins
  5 hobgoblins
  6 jackals
  8 quokkas
  3 bats
  2 frilled lizards
  8 kobolds
  6 rats
  A bush (D:4)
122 creatures vanquished.

Vanquished Creatures (collateral kills)
  A hornet zombie (D:5)
  A howler monkey (D:5)
  A centaur zombie (D:5)
  An iguana (D:5)
  A hound zombie (D:5)
  A gnoll (D:5)
  An adder skeleton (D:5)
  A worm (D:4)
  An endoplasm (D:4)
9 creatures vanquished.

Vanquished Creatures (others)
  33 plants (D:2)
33 creatures vanquished.

Grand Total: 164 creatures vanquished

Notes
Turn   | Place    | Note
-------+----------+-------------------------------------------
     0 | D:1      | karkarkar the Djinni Ice Elementalist began the quest for
                  | the Orb.
     0 | D:1      | Reached XP level 1. HP: 15/15 MP: 0/0
   484 | D:1      | Reached XP level 2. HP: 19/21 MP: 0/0
   504 | D:1      | Found a faded altar of an unknown god.
   562 | D:1      | Became a worshipper of the Wu Jian Council
   562 | D:1      | Reached * piety under Wu Jian
  1036 | D:1      | Reached XP level 3. HP: 23/25 MP: 0/0
  1036 | D:1      | Learned a level 1 spell: Sting
  1600 | D:2      | Reached skill level 4 in Spellcasting
  1601 | D:2      | Reached XP level 4. HP: 26/31 MP: 0/0
  1746 | D:2      | Reached ** piety under Wu Jian
  3151 | D:3      | Noticed Ijyb
  3163 | D:3      | Killed Ijyb
  3164 | D:3      | Reached XP level 5. HP: 35/35 MP: 0/0
  3164 | D:3      | Learned a level 2 spell: Slow
  3638 | D:3      | Found a white marble altar of Elyvilon.
  3779 | D:4      | Reached skill level 1 in Throwing
  3787 | D:4      | Reached skill level 5 in Spellcasting
  3787 | D:4      | Reached XP level 6. HP: 23/40 MP: 0/0
  4028 | D:4      | Found a shadowy altar of Dithmenos.
  4202 | D:4      | Reached *** piety under Wu Jian
  4320 | D:4      | Noticed Natasha
  4407 | D:4      | Killed Natasha
  4415 | D:4      | Noticed Natasha
  4423 | D:4      | Killed Natasha
  4424 | D:4      | Reached XP level 7. HP: 28/45 MP: 0/0
  4424 | D:4      | Learned a level 3 spell: Call Canine Familiar
  4576 | D:4      | Noticed Natasha
  4581 | D:4      | Killed Natasha
  4667 | D:4      | Found a basalt altar of Yredelemnul.
  4691 | D:4      | Found a glowing golden altar of the Shining One.
  4833 | D:4      | Reached skill level 1 in Evocations
  5056 | D:4      | Found a runed translucent door.
  5057 | D:4      | Noticed Crazy Yiuf
  5063 | D:4      | Killed Crazy Yiuf
  5168 | D:4      | Found a staircase to the Ecumenical Temple.
  5376 | D:5      | Entered Level 5 of the Dungeon
  5396 | D:5      | Reached skill level 1 in Armour
  5606 | D:5      | Reached skill level 1 in Polearms
  5629 | D:5      | Reached skill level 6 in Spellcasting
  5629 | D:5      | Reached XP level 8. HP: 9/50 MP: 0/0
  6524 | D:5      | Reached **** piety under Wu Jian
  7170 | D:5      | Noticed a two-headed ogre
  7182 | D:5      | Mangled by a two-headed ogre

Illustrated notes

Levels and vault maps discovered:
D:1:      dpeg_arrival_tiny_i, layout_basic,
          dreamdust_ecumenical_altar_angels_and_demons
D:2:      layout_basic, serial_bayou, serial_bayou_lagoon_a,
          serial_bayou_crossing, serial_bayou_shore_a, serial_bayou_pond_c
D:3:      layout_basic, amcnicky_altar_gilded, uniq_ijyb
D:4:      layout_rooms, mainiacjoe_overflow_24_doors,
          mainiacjoe_overflow_chevrons, mainiacjoe_overflow_catwalk_spiral,
          minmay_temple_entry_fiery, serial_forest,
          infiniplex_forest_lined_3_way, infiniplex_forest_lined_corner,
          infiniplex_forest_zigzag_1, infiniplex_forest_lined_1,
          infiniplex_forest_pool, infiniplex_forest_corner_1,
          infiniplex_forest_straight_4, infiniplex_forest_lined_3_way,
          infiniplex_forest_end_double, uniq_natasha, uniq_crazy_yiuf_cottage
D:5:      layout_basic, mainiacjoe_overflow_small_starburst,
          minmay_manual_mullet

Skill      XL: |  1  2  3  4  5  6  7  8 |
---------------+-------------------------+-----
Spellcasting   | 4 5 6 |  6.9
Stealth        | 2 |  2.2
Throwing       | 1 2 3 |  3.3
Evocations     | 1 |  1.4
Armour         | 1 |  1.7
Polearms       | 1 |  1.7
Dodging        | 3 |  3.1
Fighting       | |  0.6
Shields        | |  0.1

Action                   |  1- 3 |  4- 6 |  7- 9 || total
-------------------------+-------+-------+-------++-------
Melee: Unarmed           |     2 |       |       ||     2
       Whip              |       |     5 |       ||     5
       Trident           |       |     6 |    83 ||    89
Throw: Dart              |       |    48 |    36 ||    84
 Cast: Freeze            |    34 |    39 |    24 ||    97
       Sting             |    10 |    46 |    38 ||    94
       Ozocubu's Armour  |       |     2 |     1 ||     3
       Frozen Ramparts   |       |     7 |    17 ||    24
       Slow              |       |     3 |     4 ||     7
       Call Canine Famil |       |       |     9 ||     9
Invok: Lunge             |     2 |     1 |       ||     3
       Whirlwind         |       |     2 |     4 ||     6
 Abil: Wall Jump         |       |     2 |       ||     2
Evoke: Wand              |       |     1 |     2 ||     3
  Use: Scroll            |       |     2 |     2 ||     4
       Potion            |       |       |     2 ||     2
Armor: Robe              |     7 |    10 |       ||    17
       Skin              |       |     1 |       ||     1
       Leather armour    |       |     6 |    44 ||    50
Dodge: Dodged            |    14 |    18 |    44 ||    76
Block: Buckler           |       |       |     8 ||     8
